 Dungeon Crawl Stone Soup version 0.29.1-1-gd02db6906a (webtiles) character file.

Game seed: 1528303584489959331

2216 Renzlar the Shield-Bearer (level 9, -7/74 HPs)
             Began as a Gnoll Fighter on Sept 18, 2022.
             Shot with an arrow by a centaur (12 damage)
             ... on level 6 of the Dungeon.
             The game lasted 00:22:58 (7152 turns).

Renzlar the Shield-Bearer (Gnoll Fighter)           Turns: 7152, Time: 00:22:59

Health: -7/74      AC: 13    Str: 20    XL:     9   Next: 35%
Magic:  15/15      EV: 15    Int:  8    God:
Gold:   265        SH:  6    Dex: 14    Spells: 15/16 levels left

rFire   . . .      SeeInvis .   a - +0 war axe
rCold   . . .      Faith    .   j - +0 buckler
rNeg    . . .      Spirit   .   b - +1 scale mail
rPois   +          Reflect  .   f - +0 helmet
rElec   .          Harm     .   v - scarf {+Inv}
rCorr   .          Rampage  .   m - +0 pair of gloves {Dex+3}
Will    .....                   g - +0 pair of boots
Stlth   +.........              (no amulet)
HPRegen 0.22/turn               l - +4 ring of evasion
MPRegen 0.14/turn               u - ring of poison resistance

@: no status effects
A: fangs 1, strong nose, distributed training
a: Evoke Invisibility


You were on level 6 of the Dungeon.
You visited 2 branches of the dungeon, and saw 7 of its levels.

You collected 265 gold pieces.

Inventory:

Hand Weapons
 a - a +0 war axe (weapon)
 c - a +0 sling
 w - the +6 short sword of Gozag's Supremacy {vorpal, Dex+2}
   (You found it on level 4 of the Dungeon)

   It inflicts extra damage upon your enemies.
   Dex:       It affects your dexterity (+2).
 x - a +3 flail of protection
Missiles
 h - 9 poisoned darts (quivered)
Armour
 b - a +1 scale mail (worn)
 f - a +0 helmet (worn)
 g - a +0 pair of boots (worn)
 j - a +0 buckler (worn)
 m - a +0 pair of gloves of dexterity (worn)
 v - a scarf of invisibility (worn)
Jewellery
 l - a +4 ring of evasion (left hand)
 p - a ring of ice
 u - a ring of poison resistance (right hand)
Wands
 o - a wand of mindburst (4)
 y - a wand of iceblast (2)
Scrolls
 n - 4 scrolls of amnesia
 s - 2 scrolls of blinking
Potions
 d - a potion of might
 e - 3 potions of curing
 i - a potion of attraction {unknown}
 k - a potion of haste {unknown}
 q - a potion of degeneration {unknown}
 r - a potion of lignification {unknown}
 t - a potion of invisibility {unknown}
 z - a potion of heal wounds {unknown}
 A - 2 potions of flight {unknown}


   Skills:
 + Level 7.9 Fighting
 + Level 4.3 Short Blades
 + Level 4.3 Long Blades
 + Level 6.3 Axes
 + Level 4.3 Maces & Flails
 + Level 4.3 Polearms
 + Level 4.3 Staves
 + Level 4.3 Ranged Weapons
 + Level 4.3 Throwing
 + Level 7.9 Armour
 + Level 4.3 Dodging
 + Level 4.3 Stealth
 + Level 7.9 Shields
 + Level 4.3 Unarmed Combat
 + Level 4.3 Spellcasting
 + Level 3.5 Conjurations
 + Level 3.5 Hexes
 + Level 3.5 Summonings
 + Level 3.5 Necromancy
 + Level 3.5 Translocations
 + Level 3.5 Transmutations
 + Level 3.5 Fire Magic
 + Level 3.5 Ice Magic
 + Level 3.5 Air Magic
 + Level 3.5 Earth Magic
 + Level 3.5 Poison Magic
 + Level 4.7 Invocations
 + Level 4.3 Evocations


You had 15 spell levels left.
You knew the following spells:

 Your Spells              Type           Power      Damage    Failure   Level
a - Magic Dart            Conj           28%        1d4       21%         1

Your spell library contained the following spells:

 Spells                   Type           Power      Damage    Failure   Level
 Call Imp                 Summ           7%         N/A       30%         2
 Inner Flame              Hex/Fire       7%         N/A       52%         3
 Mephitic Cloud           Conj/Pois/Air  7%         N/A       52%         3
 Cause Fear               Hex            3%         N/A       90%         4
 Discord                  Hex            3%         N/A       100%        8


Dungeon Overview and Level Annotations

Branches:
Dungeon (6/15)             Temple (1/1) D:5

Altars:
Ashenzari
Cheibriados
Dithmenos
Elyvilon
Fedhas
Gozag
Hepliaklqana
Kikubaaqudgha
Makhleb
Nemelex Xobeh
Ru
Sif Muna
Uskayaw
Vehumet
Wu Jian
Xom
Yredelemnul
The Shining One

Shops:
D:4 (


Innate Abilities, Weirdness & Mutations

You have very sharp teeth.
Your uncanny sense of smell can sniff out nearby items.
Your experience applies equally to all skills.


Message History

The bolt of electricity misses you.
The electric eel shoots out a bolt of lightning at you!
The bolt of electricity hits you.
You see here a fuming pink potion.
The electric eel shoots out a bolt of lightning at you!
The bolt of electricity hits you.
The electric eel shoots out a bolt of lightning at you!
The bolt of electricity misses you.
The electric eel shoots out a bolt of lightning at you!
The bolt of electricity hits you! The bolt of electricity hits you.
Unknown command.
You closely miss the electric eel.
The electric eel is severely wounded.
The centaur shouts!
You slash the electric eel!
You kill the electric eel!
You hear a splash.
You slash the plant!
The plant begins to die.
The centaur wields a +0 shortbow.
The centaur shoots an arrow.
You block the arrow.
The centaur shoots an arrow.
The arrow hits you but does no damage.
The electric eel shoots out a bolt of lightning at you!
The bolt of electricity hits you.
The bolt of electricity hits the plant!
Unknown command.
You barely miss the electric eel. Your bite misses the electric eel.
The electric eel is severely wounded.
You hit the plant but do no damage. You slash the ice beast!
The centaur shoots an arrow.
The arrow hits you!
* * * LOW HITPOINT WARNING * * *
The electric eel shoots out a bolt of lightning at you!
The bolt of electricity hits you!
* * * LOW HITPOINT WARNING * * *
The ice beast closely misses you.
The centaur shoots an arrow.
The arrow closely misses you.
The arrow hits the ice beast!
Unknown command.
Unknown command.
You miss the electric eel.
The electric eel is severely wounded.
You hit the plant. You hit the ice beast.
The centaur shoots an arrow.
The arrow hits you!
You die...

.....# ###≈~≈~~~ .....#
##...~≈≈≈≈~...# .....#
#....~~~≈≈≈~... ....##
##.#..~~~~≈cP~P.
.....####..##....~≈≈≈~P~
..##...##.####...P≈≈P~~~
.#####....###....~≈≈≈≈P.
## ###...#....P.P≈≈≈≈~ #
###....!.@S~≈≈≈≈~
###....Y†~P≈≈P.
#.....~~~≈≈~.
#.......S≈≈≈P
#.......~~≈≈~
##......~≈~≈.
#......)P~~~
##.....~~~~~


You could see an ice beast, a centaur and 2 electric eels.

Vanquished Creatures
  Grinder (D:3)
  Eustachio (D:5)
  Duvessa (D:5)
  A sky beast (D:6)
  3 phantoms (D:5)
  2 centaurs (D:5)
  3 water moccasin zombies (D:5)
  4 scorpions
  3 water moccasin skeletons (D:5)
  Dowan (D:5)
  A howler monkey (D:5)
  An electric eel (D:6)
  2 centaur zombies (D:5)
  A hound (D:5)
  An orc priest (D:5)
  2 iguanas
  An orc wizard (D:5)
  4 scorpion zombies (D:5)
  A killer bee zombie (D:5)
  2 hound zombies (D:5)
  A hound skeleton (D:5)
  A howler monkey zombie (D:5)
  Robin (D:2)
  12 adders
  3 white imps
  An adder zombie (D:5)
  2 worms
  2 dart slugs
  12 orcs
  5 endoplasms
  4 giant cockroaches
  17 goblins
  8 hobgoblins
  7 jackals
  12 kobolds
  13 quokkas
  5 ball pythons
  6 bats
  4 frilled lizards
  8 rats
  A bush (D:1)
161 creatures vanquished.

Vanquished Creatures (others)
  16 plants
  A withered plant (D:5)
17 creatures vanquished.

Grand Total: 178 creatures vanquished

Notes
Turn   | Place    | Note
-------+----------+-------------------------------------------
     0 | D:1      | Renzlar the Gnoll Fighter began the quest for the Orb.
     0 | D:1      | Reached XP level 1. HP: 23/23 MP: 1/1
   374 | D:1      | Reached XP level 2. HP: 26/29 MP: 2/2
   872 | D:1      | Reached XP level 3. HP: 35/35 MP: 3/3
  1019 | D:1      | Reached skill level 1 in Invocations
  1692 | D:2      | Reached skill level 1 in Short Blades
  1692 | D:2      | Reached skill level 1 in Long Blades
  1692 | D:2      | Reached skill level 1 in Maces & Flails
  1692 | D:2      | Reached skill level 1 in Polearms
  1692 | D:2      | Reached skill level 1 in Staves
  1692 | D:2      | Reached skill level 1 in Ranged Weapons
  1692 | D:2      | Reached skill level 1 in Throwing
  1692 | D:2      | Reached skill level 1 in Dodging
  1692 | D:2      | Reached skill level 1 in Stealth
  1692 | D:2      | Reached skill level 1 in Unarmed Combat
  1692 | D:2      | Reached skill level 1 in Spellcasting
  1692 | D:2      | Reached skill level 1 in Evocations
  1704 | D:2      | Noticed Robin
  1714 | D:2      | Reached XP level 4. HP: 41/41 MP: 5/5
  1720 | D:2      | Killed Robin
  1845 | D:2      | Reached skill level 1 in Conjurations
  1845 | D:2      | Reached skill level 1 in Hexes
  1845 | D:2      | Reached skill level 1 in Summonings
  1845 | D:2      | Reached skill level 1 in Necromancy
  1845 | D:2      | Reached skill level 1 in Translocations
  1845 | D:2      | Reached skill level 1 in Transmutations
  1845 | D:2      | Reached skill level 1 in Fire Magic
  1845 | D:2      | Reached skill level 1 in Ice Magic
  1845 | D:2      | Reached skill level 1 in Air Magic
  1845 | D:2      | Reached skill level 1 in Earth Magic
  1845 | D:2      | Reached skill level 1 in Poison Magic
  2191 | D:2      | Found a faded altar of an unknown god.
  2259 | D:2      | Reached XP level 5. HP: 47/47 MP: 7/7
  3396 | D:3      | Noticed Grinder
  3422 | D:3      | Killed Grinder
  3423 | D:3      | Reached skill level 5 in Axes
  3423 | D:3      | Reached XP level 6. HP: 36/53 MP: 7/9
  3848 | D:4      | Found Duerec's Weapon Boutique.
  4039 | D:4      | Identified the +6 short sword of Gozag's Supremacy {vorpal,
                  | Dex+2}
  4519 | D:5      | Entered Level 5 of the Dungeon
  4534 | D:5      | Reached XP level 7. HP: 59/60 MP: 10/10
  4969 | D:5      | Reached XP level 8. HP: 67/67 MP: 12/12
  5435 | D:5      | Noticed Eustachio
  5469 | D:5      | Killed Eustachio
  5585 | D:5      | Found a radiant altar of Vehumet.
  5638 | D:5      | Found a staircase to the Ecumenical Temple.
  5644 | Temple   | Entered the Ecumenical Temple
  5961 | D:5      | Noticed Duvessa
  5963 | D:5      | Noticed Dowan
  5980 | D:5      | Killed Duvessa
  5983 | D:5      | Killed Dowan
  6154 | D:5      | Reached XP level 9. HP: 44/73 MP: 13/15
  6434 | D:5      | Found a sacrificial altar of Ru.
  6561 | D:5      | Learned a level 1 spell: Magic Dart
  7152 | D:6      | Shot with an arrow by a centaur

Illustrated notes

Levels and vault maps discovered:
D:1:      psy_arrival_dodecagon, layout_basic, serial_forest,
          infiniplex_forest_diagonal, infiniplex_forest_clump_double,
          infiniplex_forest_lined_room_, infiniplex_forest_lined_1,
          infiniplex_forest_lined_4_way, infiniplex_forest_clump_tiny,
          infiniplex_forest_split, serial_park_tiny_1, serial_bayou_pond_c,
          minmay_misc_feat_iff, minmay_octomino_c4
D:2:      layout_loops_ring, shapermc_ecumenical_altar_totnotflames,
          kennysheep_path_1, uniq_robin
D:3:      layout_basic, hangedman_decor_peaks_small, serial_bayou_lagoon_a,
          uniq_grinder
D:4:      layout_basic, serial_shops, shop, kennysheep_generic_room_9
D:5:      layout_gridville, mainiacjoe_overflow_boulevard,
          nicolae_ru_path_of_blood, minmay_temple_entry_enclosed_plants,
          serial_undead, serial_undead_b, serial_undead_b, serial_undead_f,
          serial_undead_a, serial_undead_b, serial_undead_d, serial_undead_c,
          corexii_leaking_fountain, grunt_ministairs_4,
          nicolae_concentric_dashed_squares_mild, uniq_eustachio, uniq_duvessa
D:6:      layout_cave_pods, lemuel_doored_altar, chequers_big_river,
          uniq_maggie, uniq_prince_ribbit1
Temple:   nicolae_temple_elliptical

Skill      XL: |  1  2  3  4  5  6  7  8 |
---------------+-------------------------+-----
Invocations    | 1 2 3 4 |  4.7
Short Blades   | 1 2 3 4 |  4.3
Long Blades    | 1 2 3 4 |  4.3
Maces & Flails | 1 2 3 4 |  4.3
Polearms       | 1 2 3 4 |  4.3
Staves         | 1 2 3 4 |  4.3
Ranged Weapons | 1 2 3 4 |  4.3
Throwing       | 1 2 3 4 |  4.3
Dodging        | 1 2 3 4 |  4.3
Stealth        | 1 2 3 4 |  4.3
Unarmed Combat | 1 2 3 4 |  4.3
Spellcasting   | 1 2 3 4 |  4.3
Evocations     | 1 2 3 4 |  4.3
Conjurations   | 1 2 3 |  3.5
Hexes          | 1 2 3 |  3.5
Summonings     | 1 2 3 |  3.5
Necromancy     | 1 2 3 |  3.5
Translocations | 1 2 3 |  3.5
Transmutations | 1 2 3 |  3.5
Fire Magic     | 1 2 3 |  3.5
Ice Magic      | 1 2 3 |  3.5
Air Magic      | 1 2 3 |  3.5
Earth Magic    | 1 2 3 |  3.5
Poison Magic   | 1 2 3 |  3.5
Axes           | 5 6 |  6.3
Fighting       | 7 |  7.9
Armour         | 7 |  7.9
Shields        | 7 |  7.9

Action                   |  1- 3 |  4- 6 |  7- 9 || total
-------------------------+-------+-------+-------++-------
Melee: War axe           |   228 |   140 |     8 ||   376
       Bite              |    26 |    19 |    22 ||    67
       Unarmed           |       |    10 |       ||    10
       Short sword       |       |    34 |   262 ||   296
 Fire: Sling             |       |    51 |    89 ||   140
Throw: Boomerang         |     1 |     5 |       ||     6
 Cast: Magic Dart        |       |       |     1 ||     1
Evoke: Wand              |       |       |     3 ||     3
  Use: Scroll            |     2 |     7 |     3 ||    12
Armor: Scale mail        |    82 |    76 |   126 ||   284
Dodge: Dodged            |    62 |   111 |   251 ||   424
Block: Buckler           |    44 |    58 |    86 ||   188
